 Dungeon Crawl Stone Soup version 0.31-a0-845-g9abc20d24f (webtiles) character file.

Game seed: 12555942374550951781

9391 Kurtz the Cleaver (level 11, -5/78 HPs)
             Began as an Octopode Fighter on Oct 1, 2023.
             Was a High Priest of Okawaru.
             Slain by a troll simulacrum (8 damage)
             ... on level 11 of the Dungeon.
             The game lasted 00:17:01 (12715 turns).

Kurtz the Cleaver (Octopode Fighter)               Turns: 12715, Time: 00:17:02

Health: -5/78      AC:  1    Str: 19    XL:     11   Next: 45%
Magic:  14/14      EV: 16    Int: 10    God:    Okawaru [*****.]
Gold:   614        SH:  7    Dex: 13    Spells: 10/10 levels left

rFire   x . .        E - +5 war axe
rCold   + . .        A - +2 buckler
rNeg    + + .        j - melded +2 hat
rPois   .            (no amulet)
rElec   .            l - ring of positive energy
rCorr   .            n - ring of positive energy
SInv    .            q - ring of ice
Will    .....        (no ring)
Stlth   ++           (no ring)
HPRegen 0.33/turn    (no ring)
MPRegen 0.14/turn    (no ring)
                     (no ring)

%: no passive effects
@: beast-form, studying Fighting
A: beast (slay +1), almost no armour, amphibious, 8 rings, camouflage 1,
gelatinous body 1, (nimble swimmer 1), tentacles
a: Begin Untransformation, Renounce Religion, Heroism, Finesse, Duel


You were on level 11 of the Dungeon.
You worshipped Okawaru.
Okawaru was extremely pleased with you.
You were a hulking beast.
You visited 2 branches of the dungeon, and saw 12 of its levels.
You also visited: Sewer.

You collected 614 gold pieces.

Inventory:

Hand Weapons
 u - a +4 flail
 E - a +5 war axe (weapon)
Missiles
 i - 2 curare-tipped darts
 x - 6 datura-tipped darts
 C - 2 throwing nets
Armour
 j - a +2 hat (melded)
 A - a +2 buckler (worn)
Jewellery
 l - a ring of positive energy (left tentacle)
 n - a ring of positive energy (right tentacle)
 q - a ring of ice (on tentacle)
Talismans
 k - a beast talisman (active)
Wands
 c - a wand of acid (1) (quivered)
 w - a wand of charming (15)
 B - a wand of mindburst (1)
 G - a wand of iceblast (10)
Scrolls
 a - a scroll of summoning
 e - a scroll of amnesia
 f - a scroll of fog
 m - 2 scrolls of vulnerability
 o - a scroll of fear
 r - a scroll of enchant weapon
 y - a scroll of teleportation
 D - 3 scrolls of blinking
 H - a scroll of noise
Potions
 b - 3 potions of curing
 d - a potion of heal wounds
 g - 2 potions of brilliance
 h - 2 potions of resistance
 p - 2 potions of ambrosia
 s - 2 potions of attraction
 t - 3 potions of enlightenment
 v - 3 potions of mutation {unknown}
 z - 2 potions of degeneration {unknown}
 F - a potion of magic {unknown}
 I - a potion of haste
 K - a potion of lignification
Miscellaneous
 L - a phantom mirror


   Skills:
 * Level 8.9 Fighting
 * Level 12.3 Axes
 - Level 8.3 Dodging
 - Level 7.1 Shields
 - Level 4.1 Invocations
 - Level 3.1 Shapeshifting


You had 10 spell levels left.
You didn't know any spells.
Your spell library contained the following spells:

 Spells                   Type           Power      Damage    Failure   Level
 Ensorcelled Hibernation  Hex/Ice        0%         N/A       56%         2
 Passwall                 Tmut/Erth      0%         N/A       56%         2
 Swiftness                Air            0%         N/A       80%         3


Dungeon Overview and Level Annotations

Branches:
Dungeon (11/15)            Temple (1/1) D:6             Orc (0/2) D:9
  Sewer (visited)
   Lair: D:8-11

Altars:
Ashenzari
Cheibriados
Dithmenos
Elyvilon
Fedhas
Gozag
Hepliaklqana
Kikubaaqudgha
Makhleb
Nemelex Xobeh
Okawaru
Qazlal
Ru
Sif Muna
Trog
Uskayaw
Vehumet
Wu Jian
Xom
Yredelemnul
Zin
The Shining One
Lugonu

Shops:
D:2 ([*

Portals:
Ice
Cave: D:11

Annotations:
D:7 1 runed translucent door, Crazy Yiuf
D:8 exclusion: two-headed ogre, Gastronok
D:9 exclusion: downstairs


Innate Abilities, Weirdness & Mutations

You are a hulking beast.
Your limbs bulge with bestial killing power. (Slay +1)
You cannot wear most types of armour.
You are amphibious.
You can wear up to eight rings at the same time.
Your skin changes colour to match your surroundings (Stealth+).
Your rubbery body absorbs attacks. (AC +1, EV +1)
((You are camouflaged when in or above water. (Stealth+)))
You have tentacles for arms and can constrict up to eight enemies at once.


Message History

You barely miss the troll simulacrum.
Unknown command.
Aiming: Corrosive Bolt
Press: ? - help, Q - select action, (/) - cycle Shift-Dir - straight line, f - troll simulacrum
Aim: a troll simulacrum (90% to hit)
The bolt of acid hits the troll simulacrum!
The acid corrodes the troll simulacrum!
The troll simulacrum is heavily damaged.
The troll simulacrum closely misses you. x2
You block the troll simulacrum's attack.
You hit the troll simulacrum.
The troll simulacrum is almost destroyed.
You block the troll simulacrum's attack.
The troll simulacrum barely misses you. The troll simulacrum claws you.
The troll simulacrum freezes you. You resist.
You slash the troll simulacrum!
The troll simulacrum vaporises!
Okawaru accepts your kill.
Unknown command.
Aiming: Corrosive Bolt
Press: ? - help, Q - select action, (/) - cycle Shift-Dir - straight line, f - troll simulacrum
Aim: a troll simulacrum (90% to hit)
The bolt of acid hits the troll simulacrum!
The acid corrodes the troll simulacrum!
The troll simulacrum is severely damaged.
Found a scroll of blinking.
You hear the steady crackling of a melting archway.
The troll simulacrum bites you! The troll simulacrum freezes you. You resist.
The troll simulacrum claws you.
* * * LOW HITPOINT WARNING * * *
The troll simulacrum freezes you! You resist.
* * * LOW HITPOINT WARNING * * *
The troll simulacrum closely misses you.
You barely miss the troll simulacrum.
The troll simulacrum is severely damaged.
You block the troll simulacrum's attack. x2
The troll simulacrum claws you!
* * * LOW HITPOINT WARNING * * *
The troll simulacrum freezes you! You resist.
You die...

....... # #.........
#.######........#
#....[..........#
#......#........#
#?..∩..#........#
................# #...
#.....Zh........#####:..
#.######................
#...[....## #...
#........# #...
#......†.# #...
#........# #..)
#.######.# #.÷. #.# #.#
#... #.# #.#####...


You could see a troll simulacrum (corroded).

Vanquished Creatures
  A two-headed ogre (D:9)
  Erica (D:10)
  Joseph (D:8)
  4 kobold demonologists
  Maggie (D:8)
  A troll (D:11)
  A hornet (D:9)
  2 vampires (D:10)
  3 wraiths
  5 wyverns
  An acid dragon (D:7)
  A water moccasin (D:8)
  4 orc warriors
  An ice beast (D:7)
  2 black bears (D:6)
  An ogre (D:7)
  2 wolves (D:11)
  4 centaurs
  A phantom (D:6)
  Blork the orc (D:6)
  2 kobold brigands
  A bullfrog (D:9)
  3 gnoll sergeants
  4 scorpions
  10 wights
  18 killer bees
  3 howler monkeys
  2 hounds
  2 orc priests
  3 iguanas
  3 sleepcaps
  Jessica (D:2)
  Natasha (twice) (D:2)
  11 orc wizards
  A troll simulacrum (D:11)
  4 adders
  10 gnolls
  3 river rats (Sewer)
  3 ufetubi
  2 worms (D:5)
  A dart slug (D:2)
  23 orcs
  14 bats
  8 endoplasms
  5 giant cockroaches
  2 goblins (D:3)
  9 hobgoblins
  11 jackals
  4 quokkas
  7 ball pythons
  3 frilled lizards
  17 kobolds
  16 rats
246 creatures vanquished.

Vanquished Creatures (others)
  5 dream sheep (D:5)
  An ice beast (D:8)
6 creatures vanquished.

Grand Total: 252 creatures vanquished

Notes
Turn   | Place    | Note
-------+----------+-------------------------------------------
     0 | D:1      | Kurtz the Octopode Fighter began the quest for the Orb.
     0 | D:1      | Reached XP level 1. HP: 16/16 MP: 1/1
    90 | D:1      | Reached XP level 2. HP: 15/21 MP: 2/2
   229 | D:1      | Found a faded altar of an unknown god.
   291 | D:1      | Reached skill level 3 in Axes
   605 | D:1      | Reached XP level 3. HP: 25/26 MP: 3/3
   853 | D:2      | Found Otsysolidd's Assorted Antiques.
   965 | D:2      | Found Etiur's Weapon Shoppe.
  1012 | D:2      | Found Zioxzaa's Armour Emporium.
  1127 | D:2      | Noticed Natasha
  1131 | D:2      | Killed Natasha
  1132 | D:2      | Reached skill level 4 in Axes
  1132 | D:2      | Reached XP level 4. HP: 26/31 MP: 4/4
  1232 | D:2      | You fall into a shaft and drop 1 floor!
  1508 | D:3      | Found a sacrificial altar of Ru.
  1508 | D:3      | Found a snail-covered altar of Cheibriados.
  1508 | D:3      | Found an ancient bone altar of Kikubaaqudgha.
  2065 | D:2      | Noticed Jessica
  2071 | D:2      | Killed Jessica
  2072 | D:2      | Reached skill level 1 in Shapeshifting
  2072 | D:2      | Reached XP level 5. HP: 36/36 MP: 5/5
  2188 | D:2      | Noticed Natasha
  2195 | D:2      | Killed Natasha
  2196 | D:2      | Reached skill level 5 in Axes
  2469 | D:4      | Found a shadowy altar of Dithmenos.
  2816 | D:4      | Found a white marble altar of Elyvilon.
  2841 | D:4      | Reached XP level 6. HP: 34/42 MP: 6/6
  3305 | D:5      | Entered Level 5 of the Dungeon
  3307 | D:5      | Identified a scroll of acquirement
  3309 | D:5      | Acquired a manual of Fighting
  3536 | D:5      | Reached skill level 6 in Axes
  3612 | D:5      | Reached XP level 7. HP: 14/48 MP: 7/7
  3666 | D:5      | Noticed a dream sheep
  3666 | D:5      | Noticed a dream sheep
  3666 | D:5      | Noticed a dream sheep
  3666 | D:5      | Noticed a dream sheep
  3666 | D:5      | Noticed a dream sheep
  3666 | D:5      | Found a shimmering altar of Xom.
  3670 | D:5      | Killed a dream sheep
  3670 | D:5      | Killed a dream sheep
  3670 | D:5      | Killed a dream sheep
  3671 | D:5      | Killed a dream sheep
  3671 | D:5      | Killed a dream sheep
  3853 | D:5      | Found a glowing drain.
  3862 | Sewer    | Entered a sewer
  3926 | Sewer    | Reached skill level 7 in Axes
  4034 | Sewer    | Found a white marble altar of Elyvilon.
  4245 | D:5      | Reached skill level 5 in Fighting
  4638 | D:5      | Reached XP level 8. HP: 54/56 MP: 8/8
  4943 | D:6      | Found a staircase to the Ecumenical Temple.
  4949 | D:6      | Found the +3 pair of seven-league boots {Rampage+∞}
  4962 | D:6      | Noticed Blork the orc
  4965 | Temple   | Entered the Ecumenical Temple
  5006 | Temple   | Became a worshipper of Warmaster Okawaru
  5040 | D:6      | Killed Blork the orc
  5214 | D:6      | Found an opulent altar of Gozag.
  5220 | D:6      | Found an opulent altar of Gozag.
  5229 | D:6      | Reached skill level 1 in Invocations
  5329 | D:6      | Found an opulent altar of Gozag.
  5623 | D:6      | Found an opulent altar of Gozag.
  5777 | D:6      | Reached * piety under Okawaru
  5952 | D:7      | Reached skill level 8 in Axes
  5956 | D:7      | Reached XP level 9. HP: 9/61 MP: 11/11
  5956 | D:7      | Reached ** piety under Okawaru
  6174 | D:7      | Reached skill level 9 in Axes
  6359 | D:7      | Found a runed translucent door.
  6360 | D:7      | Noticed Crazy Yiuf
  7599 | D:7      | Reached skill level 10 in Axes
  7880 | D:8      | Reached skill level 5 in Dodging
  7899 | D:8      | Reached *** piety under Okawaru
  8021 | D:8      | Reached skill level 5 in Shields
  8253 | D:8      | Noticed a two-headed ogre
  8344 | D:8      | Found a hide-covered altar of Uskayaw.
  8458 | D:8      | Found a blossoming altar of Fedhas.
  8515 | D:8      | Noticed Gastronok
  8705 | D:8      | Reached XP level 10. HP: 66/66 MP: 13/13
  8722 | D:8      | Noticed Maggie
  8740 | D:8      | Killed Maggie
  8855 | D:8      | Found a glowing golden altar of the Shining One.
  8906 | D:8      | Noticed Joseph
  9229 | D:8      | Killed Joseph
  9563 | D:9      | Noticed a two-headed ogre
  9571 | D:9      | Killed a two-headed ogre
  9613 | D:9      | Found a hazy altar of Hepliaklqana.
  9839 | D:9      | Reached **** piety under Okawaru
  9947 | D:9      | Noticed a kobold demonologist
  9947 | D:9      | Noticed a kobold demonologist
 10073 | D:8      | Killed a kobold demonologist
 10195 | D:9      | Killed a kobold demonologist
 10389 | D:9      | Noticed a kobold demonologist
 10394 | D:9      | Killed a kobold demonologist
 10475 | D:9      | Found a glowing silver altar of Zin.
 10824 | D:9      | Paralysed by a hornet for 3 turns
 10830 | D:9      | Reached skill level 11 in Axes
 10830 | D:9      | Reached XP level 11. HP: 30/74 MP: 14/14
 10997 | D:9      | Found a staircase to the Orcish Mines.
 11097 | D:10     | Entered Level 10 of the Dungeon
 11097 | D:10     | Noticed Erica
 11097 | D:10     | Found a broken altar of Ashenzari.
 11685 | D:10     | Killed Erica
 12346 | D:11     | Reached skill level 12 in Axes
 12688 | D:11     | Found a frozen archway.
 12704 | D:11     | Reached ***** piety under Okawaru
 12715 | D:11     | HP: 3/78 [troll simulacrum (10)]
 12715 | D:11     | Slain by a troll simulacrum

Illustrated notes

Levels and vault maps discovered:
D:1:      sevenhm_arrival_forest_fort_large_3, layout_basic,
          shapermc_ecumenical_altar_gd
D:2:      layout_rooms, serial_shops, shop, nicolae_shop_bloodbath_and_beyond,
          shop_statue, uniq_jessica, uniq_natasha
D:3:      layout_loops_ring, gammafunk_temple_overflow_forgotten,
          chequers_serial_rivers_micro_a, minmay_quantized
D:4:      layout_basic, overflow_temple_1_default, lemuel_crystal_altar
D:5:      layout_loops_cross, kb_xom_exploding_sheep,
          cheibrodos_sewer_entry_bend
D:6:      nicolae_BIG_FREAKIN_CUBE, layout_basic,
          nicolae_gozag_conspicuous_consumption, minmay_temple_entry_overgrown,
          roderic_batcave, uniq_blork_the_orc
D:7:      layout_basic, minmay_misc_feat_rugged, due_unseen_surprise,
          uniq_crazy_yiuf_cottage
D:8:      layout_basic, kennysheep_mini_moat, mainiacjoe_overflow_paths,
          kennysheep_mini, uniq_maggie, uniq_joseph, uniq_gastronok
D:9:      layout_roguey, zin_statuary, mainiacjoe_overflow_24_doors,
          orc_0_dummy, due_unseen_surprise
D:10:     layout_long_grid, lemuel_crystal_altar, uniq_erica
D:11:     layout_small_grid, minmay_lair_entry_grove,
          portal_ice_cave_entry_ice_simulacra, grunt_livestock,
          minmay_three_doors
Temple:   kb_corrupted_temple

Skill      XL: |  1  2  3  4  5  6  7  8  9 10 11 |
---------------+----------------------------------+-----
Axes           | 3 4 5 6 7 8 10 11 12 | 12.3
Shapeshifting  | 1 2 3 |  3.1
Fighting       | 4 5 6 8 |  8.9
Invocations    | 3 4 |  4.1
Dodging        | 4 6 8 |  8.3
Shields        | 4 5 7 |  7.1

Action                     |  1- 3 |  4- 6 |  7- 9 | 10-12 || total
---------------------------+-------+-------+-------+-------++-------
  Melee: War axe           |    79 |    37 |   146 |   211 ||   473
         Constrict         |    22 |    28 |    50 |    29 ||   129
         Tentacles         |    14 |    22 |    47 |    46 ||   129
         Punch             |     1 |     2 |     4 |     8 ||    15
         Flail             |       |    85 |    68 |       ||   153
  Throw: Dart              |       |       |     2 |     3 ||     5
 Invoke: Heroism           |       |       |     1 |     7 ||     8
  Evoke: Wand              |       |       |    25 |    20 ||    45
    Use: Scroll            |       |    12 |     1 |     4 ||    17
         Potion            |       |     1 |     5 |     3 ||     9
   Stab: Sleeping          |     5 |     8 |     1 |     2 ||    16
 Armour: Skin              |    36 |    61 |   135 |   155 ||   387
  Dodge: Dodged            |    37 |    79 |   130 |   122 ||   368
  Block: Buckler           |    11 |    16 |    41 |    76 ||   144
   Form: Beast             |       |       |       |     1 ||     1

Table legend: (Time is in decaauts)
 A = Elapsed time spent in this place.
 B = Non-inter-level travel time spent in this place.
 C = Inter-level travel time spent in this place.
 D = Time resting spent in this place.
 E = Time spent auto-exploring this place.
 F = Levels seen in this place.
 G = Mean time per level.
                   A        B        C        D        E       F      G
               +--------+--------+--------+--------+--------+-----+--------+
         Total |  12836 |  11856 |    980 |   3589 |   5897 |  13 |  987.4 |
       Dungeon |  12516 |  11564 |    952 |   3506 |   5773 |  11 | 1137.8 |
        Temple |     61 |     33 |     28 |      0 |      0 |   1 |   61.0 |
         Sewer |    257 |    257 |      0 |     83 |    124 |   1 |  257.0 |
               +--------+--------+--------+--------+--------+-----+--------+

Top non-repeatable levels by time:
     D:8: 1786 daAuts
     D:9: 1771 daAuts
     D:7: 1693 daAuts
     D:5: 1290 daAuts
     D:6: 1195 daAuts
    D:10: 1163 daAuts
     D:4: 963 daAuts
     D:1: 877 daAuts
     D:3: 870 daAuts
     D:2: 774 daAuts
   Sewer: 257 daAuts
    D:11: 129 daAuts
  Temple: 61 daAuts
